 Dungeon Sprint DCSS version 0.19.1 (webtiles) character file.

975 dvd the Protected (level 7, -15/73 HPs)
             Began as a Minotaur Fighter on Dec 23, 2016.
             Was a Follower of Okawaru.
             Demolished by a sun demon (16 damage)
             ... summoned by a kobold demonologist
             ... in the Dungeon (Sprint I: "Red Sonja").
             The game lasted 00:02:01 (610 turns).

dvd the Protected (Minotaur Fighter)                 Turns: 610, Time: 00:02:02

Health: -15/73     AC:  9    Str: 22    XL:     7   Next: 95%
Magic:  5/6        EV: 10    Int:  5    God:    Okawaru [*.....]
Gold:   418        SH:  0    Dex: 10    Spells: 0 memorised, 6 levels left

rFire  . . .     SeeInvis .     j - +3 scythe (slice)
rCold  + . .     Gourm    .     b - +0 scale mail
rNeg   . . .     Faith    .     (shield currently unavailable)
rPois  .         Spirit   .     (helmet restricted)
rElec  .         Reflect  .     (no cloak)
rCorr  .         Harm     .     (no gloves)
MR     .....     NoTele   +     (no boots)
Stlth  ..........               (no amulet)
                                (no ring)
                                m - ring of protection from cold

@: drained
A: retaliatory headbutt, horns 2
a: Heroism, Renounce Religion


You were in the Dungeon.
You worshipped Okawaru.
Okawaru was aware of your devotion.
You were not hungry.

You visited 1 branch You collected 418 gold pieces.

Inventory:

Hand Weapons
 a - a +0 war axe
 j - a +3 scythe of slicing (weapon)
Armour
 b - a +0 scale mail (worn)
 c - a +0 shield
Jewellery
 m - a ring of protection from cold (left hand)
Scrolls
 k - a scroll of blinking
Potions
 d - a potion of might
 e - a potion of curing
 h - a potion of haste
 i - 2 potions of magic
Comestibles
 f - a bread ration


   Skills:
 + Level 10.8(10.3) Fighting
 + Level 7.2(8.2) Axes
 + Level 7.4(8.4) Polearms
 + Level 11.7(11.2) Armour
 + Level 10.4(10.0) Shields


You had 6 spell levels left.
You didn't know any spells.

Dungeon Overview and Level Annotations

Branches:
Dungeon (1/1)

Altars:
Cheibriados
Dithmenos
Elyvilon
Fedhas
Gozag
Hepliaklqana
Kikubaaqudgha
Makhleb
Nemelex Xobeh
Okawaru
Qazlal
Ru
Sif Muna
Trog
Uskayaw
Vehumet
Xom
Yredelemnul
Zin
The Shining One
Jiyva
Lugonu

Shops:
D ?


Innate Abilities, Weirdness & Mutations

You reflexively headbutt those who attack you in melee.
You have a pair of horns on your head.


Message History

The sun demon hits you.
* * * LOW HITPOINT WARNING * * *
You are engulfed in flames!
* * * LOW HITPOINT WARNING * * *
The sun demon barely misses you.
You feel much better.
The sun demon hits you but does no damage.
You slice the sun demon!!
You headbutt the sun demon, but do no damage.
The sun demon is heavily wounded.
The sun demon hits you.
You are engulfed in flames!!
* * * LOW HITPOINT WARNING * * *
The sun demon closely misses you.
You closely miss the sun demon. You headbutt the sun demon.
The sun demon is heavily wounded.
You feel like a meek peon again. The sun demon hits you.
* * * LOW HITPOINT WARNING * * *
You are engulfed in flames!
You die...

######################
..)..#..'..#__#..355.#
..#..'[.#..'..'.@#
####'#####'#__####
###..#...#(####
__####..##.#
_____##'#..+
_.∩...'..._#
_..__##_.#'#
_____###+#.# ######
###


You could see a sun demon, a quasit and a white imp.

Vanquished Creatures
  A kobold demonologist (D)
  A slime creature (D)
  Sigmund (D)
  A yak (D)
  A floating eye (D)
  An ogre (D)
  A jelly (D)
  Ijyb (D)
8 creatures vanquished.

Notes
Turn   | Place    | Note
-------+----------+-------------------------------------------
     0 | D        | dvd the Minotaur Fighter began the quest for the Orb.
     0 | D        | Reached XP level 1. HP: 19/19 MP: 0/0
     1 | D        | Noticed Ijyb
    12 | D        | Killed Ijyb
    12 | D        | Reached skill level 5 in Fighting
    12 | D        | Reached skill level 5 in Armour
    12 | D        | Reached skill level 5 in Shields
    12 | D        | Reached XP level 2. HP: 25/29 MP: 1/1
    48 | D        | Noticed an ogre
    50 | D        | Killed an ogre
    50 | D        | Reached skill level 7 in Armour
    50 | D        | Reached XP level 3. HP: 39/39 MP: 2/2
    50 | D        | Reached XP level 4. HP: 47/47 MP: 3/3
    96 | D        | Noticed Sigmund
   103 | D        | Killed Sigmund
   103 | D        | Reached skill level 5 in Axes
   103 | D        | Reached skill level 9 in Armour
   103 | D        | Reached XP level 5. HP: 35/56 MP: 4/4
   103 | D        | Reached XP level 6. HP: 39/62 MP: 5/5
   124 | D        | Found a deep blue altar of Sif Muna.
   126 | D        | Found a radiant altar of Vehumet.
   301 | D        | Found Plog's Magic Scroll Emporium.
   301 | D        | Found an ancient bone altar of Kikubaaqudgha.
   301 | D        | Found a hazy altar of Hepliaklqana.
   301 | D        | Found a hide-covered altar of Uskayaw.
   301 | D        | Found a basalt altar of Yredelemnul.
   301 | D        | Found an opulent altar of Gozag.
   301 | D        | Found a snail-covered altar of Cheibriados.
   301 | D        | Found a sacrificial altar of Ru.
   301 | D        | Found a shadowy altar of Dithmenos.
   301 | D        | Noticed a yak
   305 | D        | Killed a yak
   305 | D        | Reached skill level 10 in Armour
   306 | D        | Found a stormy altar of Qazlal.
   306 | D        | Found a blossoming altar of Fedhas.
   306 | D        | Found a bloodstained altar of Trog.
   306 | D        | Found an iron altar of Okawaru.
   306 | D        | Found a glowing golden altar of the Shining One.
   306 | D        | Found a glowing silver altar of Zin.
   306 | D        | Found a white marble altar of Elyvilon.
   307 | D        | Found a sparkling altar of Nemelex Xobeh.
   314 | D        | Became a worshipper of Warmaster Okawaru
   365 | D        | Found a burning altar of Makhleb.
   365 | D        | Found a viscous altar of Jiyva.
   365 | D        | Found a shimmering altar of Xom.
   365 | D        | Found a corrupted altar of Lugonu.
   365 | D        | Noticed a slime creature
   373 | D        | Killed a slime creature
   373 | D        | Reached * piety under Okawaru
   373 | D        | Reached skill level 10 in Fighting
   373 | D        | Reached skill level 10 in Shields
   373 | D        | Reached XP level 7. HP: 25/72 MP: 6/6
   595 | D        | Noticed a kobold demonologist
   597 | D        | Noticed a kobold demonologist
   599 | D        | Noticed a chaos spawn
   600 | D        | Noticed a ynoxinul
   600 | D        | Killed a kobold demonologist
   600 | D        | Reached skill level 11 in Armour
   602 | D        | Noticed a sun demon
   610 | D        | HP: 1/73 [sun demon[a kobold demonologist] (5)]
   610 | D        | Demolished by a sun demon

Skill      XL: |  1  2  3  4  5  6  7 |
---------------+----------------------+-----
Fighting       | 5 7 8 10 | 10.8
Axes           | 3 4 5 6 7 |  7.2
Armour         | 5 7 9 10 11 | 11.7
Shields        | 5 6 8 10 | 10.4
Polearms       | 4 7 |  7.4

Action                   |  1- 3 |  4- 6 |  7- 9 || total
-------------------------+-------+-------+-------++-------
Melee: War axe           |    12 |     6 |       ||    18
       Headbutt          |     4 |     5 |     3 ||    12
       Scythe            |       |    14 |    11 ||    25
Invok: Heroism           |       |       |     1 ||     1
  Use: Potion            |     1 |       |     1 ||     2
Armor: Scale mail        |     5 |     3 |     3 ||    11
Dodge: Dodged            |     3 |    10 |     7 ||    20
Block: Shield            |     4 |     3 |       ||     7
